 Dungeon Crawl Stone Soup version 0.30.1-4-g462c640d31 (webtiles) character file.

Game seed: 3925296277740892069

1813 rvierbuc the Chopper (level 8, -1/94 HPs)
             Began as a Demonspawn Berserker on Aug 22, 2023.
             Was a Priest of Trog.
             Shot with an arrow by a centaur (3 damage)
             ... on level 7 of the Dungeon.
             The game lasted 00:28:43 (6155 turns).

rvierbuc the Chopper (Demonspawn Berserker)         Turns: 6155, Time: 00:28:43

Health: -1/94      AC: 14    Str: 20    XL:     8   Next: 84%
Magic:  8/8        EV:  5    Int:  9    God:    Trog [***...]
Gold:   354        SH:  0    Dex: 12    Spells: 7/7 levels left

rFire   + . .        a - +0 hand axe
rCold   + . .        g - +0 kite shield
rNeg    + + +        j - +0 plate armour
rPois   .            (helmet restricted)
rElec   .            s - +0 cloak
rCorr   .            (no gloves)
SInv    +            v - +0 pair of boots
Will    .....        l - amulet of reflection Stlth
                     u - ring of Quoxel {rC+ rN+++ Will- SInv}
HPRegen 0.35/turn    (no ring)
MPRegen 0.22/turn

%: reflection
@: confused, mighty, berserking (expiring), very quick
A: antennae 1, powered by pain 3, magic regeneration, fire resistance 1,
inability to read after injury 1
a: Renounce Religion, Berserk, Trog's Hand


You were on level 7 of the Dungeon.
You worshipped Trog.
Trog was most pleased with you.
You visited 2 branches of the dungeon, and saw 8 of its levels.

You collected 354 gold pieces.

Inventory:

Hand Weapons
 a - a +0 hand axe (weapon)
Missiles
 d - 5 javelins (quivered)
 t - 6 poisoned darts
Armour
 g - a +0 kite shield (worn)
 j - a +0 plate armour (worn)
 s - a +0 cloak (worn)
 v - a +0 pair of boots (worn)
Jewellery
 l - an amulet of reflection (around neck)
 u - the ring of Quoxel (left hand) {rC+ rN+++ Will- SInv}
   (You found it on level 3 of the Dungeon)

   [ring of protection from cold]

   rC:        It protects you from cold.
   rN:        It renders you almost immune to negative energy.
   SInv:      It lets you see invisible.
   Will:      It decreases your willpower.
 w - an amulet of magic regeneration
Wands
 p - a wand of polymorph (3)
 q - a wand of charming (8)
Scrolls
 b - 4 scrolls of teleportation
 e - 5 scrolls of identify
 f - a scroll of fog
 i - 2 scrolls of torment
 k - a scroll of vulnerability
 m - a scroll of poison
 n - a scroll of enchant weapon
 o - 2 scrolls of fear
 x - a scroll of magic mapping {unknown}
Potions
 c - 6 potions of curing
 h - a potion of haste
 r - a potion of ambrosia


   Skills:
 + Level 5.4 Fighting
 + Level 7.0 Axes
 + Level 4.9 Armour
 + Level 3.1 Dodging
 + Level 1.0 Stealth
 + Level 4.3 Shields


You had 7 spell levels left.
You didn't know any spells.
Your spell library was empty.

Dungeon Overview and Level Annotations

Branches:
Dungeon (7/15)             Temple (1/1) D:6

Altars:
Ashenzari
Cheibriados
Dithmenos
Fedhas
Gozag
Hepliaklqana
Kikubaaqudgha
Makhleb
Nemelex Xobeh
Okawaru
Qazlal
Ru
Sif Muna
Trog
Uskayaw
Vehumet
Wu Jian
Xom
Yredelemnul

Shops:
D:2 ?   D:4 *   D:6 (([(

Annotations:
D:2 Sigmund


Innate Abilities, Weirdness & Mutations

You have a pair of small antennae on your head.
You are powered by pain.
You regenerate magic rapidly.
Your flesh is heat resistant. (rF+)
You occasionally lose the ability to read scrolls when taking damage.


Message History

An orc comes into view. It is wielding a +0 mace.
The orc wizard casts a spell at you.
You are confused.
You're too confused to move!
The orc shouts!
You hear a shout!
The bullfrog hits you but does no damage.
The orc wizard gestures at you while chanting.
The magic dart hits you.
* * * LOW HITPOINT WARNING * * *
The orc barely misses you.
A wyvern and an orc priest come into view.
The orc priest is wielding a +0 dagger of pain.
You feel a strong urge to attack something.
The wyvern hisses angrily.
The orc priest shouts!
Things that are here:
a +0 hand axe; a +0 chain mail; an orc corpse You miss the bullfrog.
The bullfrog is lightly wounded.
A centaur comes into view.
The bullfrog barely misses you.
You slash the bullfrog!
The bullfrog is moderately wounded.
You completely miss the orc. You barely miss the orc wizard.
The bullfrog barely misses you. The orc hits you but does no damage.
An orc comes into view. It is wielding a +0 club.
The orc wizard hits you but does no damage.
You barely miss the orc wizard. You miss the orc. You miss the bullfrog.
The orc shouts!
You hit the ogre but do no damage.
You can read scrolls again.
The bullfrog barely misses you. The bullfrog attacks as you move away!
The bullfrog barely misses you.
Found a stone staircase leading up.
The ogre hits you with a +0 giant club!
* * * LOW HITPOINT WARNING * * *
The orc wizard points at you and mumbles some strange words.
You are more confused.
You barely miss the orc wizard. You hit the orc. You miss the bullfrog.
You slash the ogre!
The centaur wields a +0 shortbow.
The centaur shoots an arrow.
The arrow hits you.
You die...

###......!..# ##
...........# ##.
#...[....... ...
........... . ...
#.......$..
..##.##..........
................#
.......oo<......#
#.....@F........
##.....O........
#.....o#..#...#.
.......l.......#
....##.....#.#.#
...c ........#.#
... .o......## #
.. ..##.<....


You could see a wyvern, an ogre, a bullfrog, a centaur, an orc wizard and 3
orcs.

Vanquished Creatures
  Menkaure (D:4)
  2 water moccasins
  2 black bears (D:5)
  A sky beast (D:4)
  2 ice beasts (D:6)
  A phantom (D:5)
  A centaur (D:6)
  A kobold brigand (D:6)
  2 scorpions (D:4)
  4 wights (D:6)
  Crazy Yiuf (D:5)
  2 hounds
  An orc priest (D:4)
  4 iguanas
  3 orc wizards
  3 adders
  A white imp (D:6)
  2 ufetubi
  3 worms
  6 dart slugs
  18 orcs
  8 ball pythons
  9 bats
  6 endoplasms
  9 giant cockroaches
  5 goblins
  10 hobgoblins
  4 jackals (D:4)
  11 kobolds
  4 quokkas
  4 frilled lizards
  4 rats
135 creatures vanquished.

Notes
Turn   | Place    | Note
-------+----------+-------------------------------------------
     0 | D:1      | rvierbuc the Demonspawn Berserker began the quest for the
                  | Orb.
     0 | D:1      | Reached XP level 1. HP: 18/18 MP: 1/1
   123 | D:1      | Gained mutation: You regenerate magic rapidly. [demonic
                  | ancestry]
   123 | D:1      | Reached XP level 2. HP: 24/24 MP: 2/2
   388 | D:1      | Reached skill level 3 in Axes
  1133 | D:2      | Gained mutation: You sometimes gain a little power by
                  | taking damage. [demonic ancestry]
  1133 | D:2      | Reached XP level 3. HP: 17/29 MP: 3/3
  1179 | D:2      | You fall into a shaft and drop 1 floor!
  1343 | D:2      | Found Emiosken's Magic Scroll Shop.
  1418 | D:2      | Reached ** piety under Trog
  1574 | D:2      | Found a faded altar of an unknown god.
  1741 | D:2      | Noticed Sigmund
  1773 | D:3      | Gained mutation: You sometimes gain power by taking damage.
                  | [demonic ancestry]
  1773 | D:3      | Reached XP level 4. HP: 5/35 MP: 4/4
  1779 | D:3      | HP: 1/36 [frozen (4)]
  2448 | D:3      | Found a stormy altar of Qazlal.
  2473 | D:3      | Identified the ring of Quoxel {rC+ rN+++ Will- SInv}
  2693 | D:4      | Noticed a scorpion
  2706 | D:4      | Killed a scorpion
  2707 | D:4      | Reached skill level 4 in Axes
  2707 | D:4      | Gained mutation: You are powered by pain. [demonic
                  | ancestry]
  2707 | D:4      | Reached XP level 5. HP: 42/42 MP: 5/5
  2709 | D:4      | Found a basalt altar of Yredelemnul.
  2710 | D:4      | Found a hazy altar of Hepliaklqana.
  3042 | D:4      | Noticed Menkaure
  3054 | D:4      | Reached skill level 1 in Shields
  3063 | D:4      | Killed Menkaure
  3063 | D:4      | Reached *** piety under Trog
  3064 | D:4      | Reached skill level 5 in Axes
  3064 | D:4      | Gained mutation: You have a pair of small antennae on your
                  | head. [demonic ancestry]
  3064 | D:4      | Reached XP level 6. HP: 16/48 MP: 6/6
  3068 | D:4      | Gained mutation: You occasionally lose the ability to read
                  | scrolls when taking damage. [potion of mutation]
  3068 | D:4      | Gained mutation: Your flesh is heat resistant. (rF+)
                  | [potion of mutation]
  3217 | D:4      | Noticed a sky beast
  3242 | D:4      | Killed a sky beast
  3486 | D:4      | Identified the staff of poison "Irrut" {rPois Dex+5}
  3576 | D:4      | Reached XP level 7. HP: 55/55 MP: 7/7
  3744 | D:4      | Found Kaul's Fire Supplies.
  3802 | D:4      | Found an iron altar of Okawaru.
  3923 | D:5      | Entered Level 5 of the Dungeon
  4024 | D:5      | Found a radiant altar of Vehumet.
  4111 | D:5      | Reached skill level 6 in Axes
  4450 | D:5      | Found a broken altar of Ashenzari.
  4633 | D:5      | Found a runed translucent door.
  4634 | D:5      | Noticed Crazy Yiuf
  4843 | D:5      | Reached XP level 8. HP: 36/61 MP: 8/8
  5016 | D:5      | Killed Crazy Yiuf
  5017 | D:5      | Reached skill level 5 in Fighting
  5210 | D:6      | Reached skill level 1 in Stealth
  5214 | D:6      | Found a staircase to the Ecumenical Temple.
  5227 | Temple   | Entered the Ecumenical Temple
  5611 | D:6      | Found Mugiahap's Antique Weapon Shoppe.
  5748 | D:6      | Found Ruhodyn's Weapon Boutique.
  5767 | D:6      | Reached skill level 7 in Axes
  6019 | D:6      | Found Mofreng's Armour Shop.
  6047 | D:6      | Found Biacaban's Antique Weapon Emporium.
  6154 | D:7      | HP: 1/94 [ogre/+0 giant club (12)]
  6155 | D:7      | Shot with an arrow by a centaur

Illustrated notes

Levels and vault maps discovered:
D:1:      amcnicky_arrival_single_pillar, layout_basic
D:2:      layout_basic, shapermc_ecumenical_altar_notcrosses, serial_shops,
          nicolae_square_shop, minivault_26, uniq_sigmund
D:3:      layout_basic, grunt_qazlal_sundering
D:4:      layout_loops_ring, okawaru_altar_gauntlet_db, jmf_multi_god_temple,
          nicolae_shop_fire_sale [nicolae_sub_dead_trees], uniq_menkaure
D:5:      layout_cave_pools, nicolae_ashenzari_skybound,
          nicolae_overflow_hidden_temple, dreamdust_mushroom_princess,
          mrwooster_statue_mirror, minmay_holes,
          eino_small_chamber_without_monster, uniq_crazy_yiuf_cottage
D:6:      layout_rooms, minmay_temple_entry_stoned_glass, serial_shops, shop,
          shop, nicolae_shop_trees, shop
D:7:      layout_rooms, uniq_maggie
Temple:   minmay_temple_bridge_d

Skill      XL: |  1  2  3  4  5  6  7  8 |
---------------+-------------------------+-----
Axes           | 3 4 5 6 7 |  7.0
Dodging        | 2 3 |  3.1
Armour         | 2 4 |  4.9
Fighting       | 4 5 |  5.4
Shields        | 1 2 4 |  4.3
Stealth        | 1 |  1.0

Action                     |  1- 3 |  4- 6 |  7- 9 || total
---------------------------+-------+-------+-------++-------
  Melee: Hand axe          |   147 |   212 |   319 ||   678
         Punch             |     1 |       |       ||     1
 Invoke: Berserk           |     1 |     3 |     8 ||    12
    Use: Potion            |       |     9 |       ||     9
         Scroll            |       |     6 |     2 ||     8
   Stab: Sleeping          |     2 |       |       ||     2
 Armour: Animal skin       |    25 |    15 |       ||    40
         Chain mail        |       |    80 |   106 ||   186
         Plate armour      |       |       |    82 ||    82
  Dodge: Dodged            |   103 |    71 |    84 ||   258
  Block: Other             |    13 |    38 |    17 ||    68
         Reflection        |       |     2 |     4 ||     6
         Kite shield       |       |       |   137 ||   137
